 Dungeon Crawl Stone Soup version 0.21.1-1-g345015f (webtiles) character file.

168 joejoepie the Skirmisher (level 5, -3/85 HPs)
             Began as an Ogre Berserker on Apr 23, 2018.
             Was a Believer of Trog.
             Slain by a fire bat (7 damage)
             ... on level 4 of the Dungeon on May 11, 2018.
             The game lasted 00:18:48 (2574 turns).

joejoepie the Skirmisher (Ogre Berserker)           Turns: 2574, Time: 00:18:49

Health: -3/85      AC:  3    Str: 27    XL:     5   Next: 49%
Magic:  5/5        EV: 10    Int:  8    God:    Trog [**....]
Gold:   107        SH:  0    Dex:  8    Spells: 4/4 levels left

rFire    . . .     SeeInvis .   a - +0 spear
rCold    . . .     Gourm    .   (no shield)
rNeg     . . .     Faith    .   i - +0 animal skin
rPois    .         Spirit   .   (helmet restricted)
rElec    .         Reflect  .   (no cloak)
rCorr    .         Harm     .   (gloves unavailable)
MR       .....                  (boots unavailable)
Stlth    ..........             (no amulet)
HPRegen  0.24/turn              (no ring)
MPRegen  0.09/turn              (no ring)

@: berserking (expiring), very quick
A: large, unfitting armour, tough skin 1
a: Berserk, Trog's Hand, Burn Spellbooks, Renounce Religion


You were on level 4 of the Dungeon.
You worshipped Trog.
Trog was pleased with you.
You were hungry.

You visited 1 branch of the dungeon, and saw 4 of its levels.

You collected 107 gold pieces.

Inventory:

Hand Weapons
 a - a +0 spear (weapon)
 b - a +0 hunting sling
 l - a cursed -1 rapier
Missiles
 d - 59 stones (quivered)
 g - 5 silver tomahawks
Armour
 i - a +0 animal skin (worn)
Jewellery
 e - a +3 ring of dexterity {unknown}
Potions
 f - 3 potions of brilliance
 j - a potion of resistance
Comestibles
 c - 3 rations
 h - 2 chunks of flesh


   Skills:
 + Level 5.3 Fighting
 + Level 4.4 Polearms
 + Level 1.0 Slings
 + Level 3.3 Dodging
 + Level 0.2 Stealth


You had 4 spell levels left.
You didn't know any spells.

Dungeon Overview and Level Annotations

Branches:
Dungeon (4/15)
 Temple: D:4-7

Altars:
Elyvilon
Fedhas
Trog
Yredelemnul

Annotations:
D:4 1 transporter


Innate Abilities, Weirdness & Mutations

You are too large for most types of armour.
You have tough skin. (AC +1)


Message History

You aren't carrying any spellbooks or scrolls.
Okay, then.
A red film seems to cover your vision as you go berserk!
You feel yourself moving faster!
You feel mighty!
You are feeling hungry.
The fire bat bites you.
You are engulfed in flames!
The fire bat bites you.
You are engulfed in flames!
* * * LOW HITPOINT WARNING * * *
The fire bat barely misses you.
You feel a strong urge to attack something.
The fire bat bites you.
* * * LOW HITPOINT WARNING * * *
You are engulfed in flames.
* * * LOW HITPOINT WARNING * * *
The fire bat bites you but does no damage.
You barely miss the fire bat. The fire bat barely misses you.
The fire bat bites you.
* * * LOW HITPOINT WARNING * * *
You are engulfed in flames!
You die...

#....## ##..# ##....#
##.. #.....## #.. #####
#..#....# ##. #§§§.
########..# #.
#§§§§§#§§§§§§#..## #.
#§§§§§#§§§§§§##..## #.
#?$.§§§.#b#§§#....### #.
#©$.§§§.@.©§§#©.....####.
#=$.§§§.#b#§§#...........
#§§§§§#§§§§§§#..###......
#§§§§§#§§§§§§#### ##....#
#§§§§ ######## ##....#
##### #....## ##...## .
##...## #. #...##


You could see 2 fire bats.

Vanquished Creatures
  A bullfrog (D:2)
  An adder (D:3)
  An ooze (D:3)
  A worm (D:2)
  7 dart slugs
  2 orcs
  A ball python (D:3)
  6 bats
  5 giant cockroaches
  7 goblins
  6 hobgoblins
  8 jackals
  2 frilled lizards
  11 kobolds
  13 rats
72 creatures vanquished.

Notes
Turn   | Place    | Note
-------+----------+-------------------------------------------
     0 | D:1      | joejoepie the Ogre Berserker began the quest for the Orb.
     0 | D:1      | Reached XP level 1. HP: 24/24 MP: 1/1
   191 | D:1      | Reached XP level 2. HP: 32/32 MP: 2/2
   608 | D:1      | Reached XP level 3. HP: 40/40 MP: 3/3
  1088 | D:2      | Noticed a bullfrog
  1101 | D:2      | Killed a bullfrog
  1101 | D:2      | Reached XP level 4. HP: 26/49 MP: 4/4
  1336 | D:2      | Reached skill level 5 in Fighting
  1501 | D:2      | Found a basalt altar of Yredelemnul.
  1521 | D:2      | Reached ** piety under Trog
  1698 | D:2      | Found a blossoming altar of Fedhas.
  1705 | D:2      | Reached XP level 5. HP: 57/57 MP: 5/5
  1902 | D:3      | Found a white marble altar of Elyvilon.
  1990 | D:3      | Found a bloodstained altar of Trog.
  2492 | D:4      | Reached skill level 1 in Slings
  2558 | D:4      | Found a transporter.
  2569 | D:4      | Found a transporter.
  2569 | D:4      | Noticed a fire bat
  2569 | D:4      | Noticed a fire bat
  2574 | D:4      | HP: 4/85 [fire bat (4)]
  2574 | D:4      | Slain by a fire bat

Skill      XL: |  1  2  3  4  5 |
---------------+----------------+-----
Dodging        | 3 |  3.3
Polearms       | 4 |  4.4
Fighting       | 5 |  5.3
Slings         | 1 |  1.0
Stealth        | |  0.2

Action                   |  1- 3 |  4- 6 || total
-------------------------+-------+-------++-------
Melee: Spear             |    64 |   178 ||   242
 Fire: Hunting sling     |     5 |    26 ||    31
Invok: Berserk           |     1 |     1 ||     2
  Use: Scroll            |     2 |     3 ||     5
       Potion            |     1 |     1 ||     2
  Eat: Ration            |       |     1 ||     1
       Chunk             |       |     3 ||     3
Armor: Animal skin       |     7 |    41 ||    48
Dodge: Dodged            |    29 |    79 ||   108
